 Dungeon Crawl Stone Soup version 0.31-a0-640-g39d97e502b (webtiles) character file.

Game seed: 1733855975622957267

67 qw the Shooter (level 4, 0/27 HPs)
             Began as a Gargoyle Hunter on Aug 27, 2023.
             Slain by a goblin
             ... wielding a +0 club
             ... led by Robin
              (2 damage)
             ... on level 2 of the Dungeon.
             The game lasted 00:00:26 (1108 turns).

qw the Shooter (Gargoyle Hunter)                    Turns: 1108, Time: 00:00:26

Health: 0/27       AC: 10    Str: 15    XL:     4   Next: 16%
Magic:  4/4        EV: 11    Int:  9    God:
Gold:   31         SH:  0    Dex: 15    Spells: 3/3 levels left

rFire   . . .        Y - +0 shortbow
rCold   . . .        (shield currently unavailable)
rNeg    + . .        g - +0 ring mail
rPois   inf          (no helmet)
rElec   +            (no cloak)
rCorr   .            (no gloves)
SInv    .            j - +1 pair of boots
Will    .....        (no amulet)
Stlth   +            (no ring)
HPRegen 0.24/turn    (no ring)
MPRegen 0.09/turn

%: no passive effects
@: about to teleport
A: sickness immunity, AC +3, negative energy resistance 1, electricity
resistance, torment resistance 1, petrification resistance
a: no special abilities


You were on level 2 of the Dungeon.
You visited 1 branch of the dungeon, and saw 2 of its levels.

You collected 31 gold pieces.


Innate Abilities, Weirdness & Mutations

You are immune to sickness and miasma.
Your stone body is resilient. (AC +3)
You are immune to poison.
You resist negative energy. (rN+)
You are resistant to electric shocks. (rElec)
You are resistant to unholy torment.
You are immune to petrification.


   Skills:
 + Level 2.5 Fighting
 - Level 5.3 Ranged Weapons
 - Level 1.0 Armour
 - Level 1.5 Dodging
 - Level 1.1 Stealth


You had 3 spell levels left.
You didn't know any spells.
Your spell library was empty.

Inventory:

Hand Weapons
 Y - a +0 shortbow (weapon)
Armour
 g - a +0 ring mail (worn)
 j - a +1 pair of boots (worn)
Scrolls
 a - a scroll of summoning {unknown}
Potions
 d - a potion of mutation {unknown}
 f - a potion of heal wounds {unknown}
 l - a potion of curing {unknown}

Dungeon Overview and Level Annotations

Branches:
Dungeon (2/15)

Altars:

Annotations:
D:2 Robin


Message History

Robin throws the goblin at you! The goblin hits you with a +0 club.
The goblin hits you but does no damage.
The hobgoblin hits you but does no damage.
The goblin closely misses you.
A hobgoblin comes into view.
You shoot an arrow. The arrow barely misses the hobgoblin.
The goblin barely misses you. The goblin hits you with a +0 club.
The goblin hits you but does no damage. The hobgoblin barely misses you.
Robin hits you but does no damage.
You shoot an arrow. The arrow hits the hobgoblin!
You kill the hobgoblin!
The goblin hits you but does no damage. The goblin barely misses you.
The goblin hits you but does no damage.
Robin hits you from afar with a +0 spear.
The goblin hits you but does no damage. The goblin closely misses you.
Robin hits you but does no damage. The goblin hits you but does no damage.
You shoot an arrow. The arrow closely misses the goblin.
Robin barely misses you. The goblin misses you. x2
The goblin hits you with a +0 dagger.
A hobgoblin comes into view.
You shoot an arrow. The arrow hits the goblin.
The goblin is heavily wounded.
Robin hits you but does no damage. The goblin hits you but does no damage.
The goblin closely misses you. The goblin barely misses you.
You shoot an arrow. The arrow misses the goblin.
Robin barely misses you. The goblin closely misses you.
The goblin hits you but does no damage. The goblin hits you with a +0 dagger.
You shoot an arrow. The arrow hits the goblin.
You kill the goblin!
The hobgoblin no longer looks unusually strong.
Robin roars a battlecry!
The hobgoblin goes into a battle-frenzy!
The goblin completely misses you. The goblin hits you with a +0 club.
Robin hits you but does no damage. The goblin hits you with a +0 club. x2
1108 ||| READING scroll of teleportation.
As you read the scroll of teleportation, it crumbles to dust.
You feel strangely unstable.
The hobgoblin no longer looks unusually strong.
The goblin hits you with a +0 club. x2
You die...

.#####.##.#
.......##.#
.########.# ....#
#.# ##
...<#####.##### g
#.............# g#
##.######.###.####g#
#.# #..........# #.#
#......g@)$# ##.#
#####.###g.# ...#
#.# ..# ##.# #.# ..#
#.# #.. ..# #.# ###
.## ##.####### .#
....[....# ##
.......#.#


You could see Robin, 2 hobgoblins and 2 goblins.

Vanquished Creatures
  Natasha (D:2)
  A worm (D:2)
  3 endoplasms (D:1)
  A giant cockroach (D:1)
  7 goblins
  5 hobgoblins
  4 jackals (D:2)
  4 kobolds
  4 ball pythons (D:2)
  A bat (D:1)
  2 frilled lizards
33 creatures vanquished.

Notes
Turn   | Place    | Note
-------+----------+-------------------------------------------
     0 | D:1      | qw the Gargoyle Hunter began the quest for the Orb.
     0 | D:1      | Reached XP level 1. HP: 12/12 MP: 1/1
     0 | D:1      | 0 ||| qw: Version: 0.3-a-74-g0d5e918
     0 | D:1      | 0 ||| qw: Game counter: 110
     0 | D:1      | 0 ||| qw: Melee chars always use a shield: true
     0 | D:1      | 0 ||| qw: God list: Okawaru
     0 | D:1      | 0 ||| qw: Allow faded altars: false
     0 | D:1      | 0 ||| qw: Do Orc after clearing Dungeon:15 true
     0 | D:1      | 0 ||| qw: Do second Lair branch before Depths: true
     0 | D:1      | 0 ||| qw: Lair rune preference: random
     0 | D:1      | 0 ||| qw: Goals: Normal
     0 | D:1      | 0 ||| PLANNING D:1-11
   149 | D:1      | Reached XP level 2. HP: 17/17 MP: 2/2
   700 | D:1      | 700 ||| UPGRADING to +0 ring mail.
   710 | D:1      | 710 ||| DROPPING +0 leather armour.
   711 | D:1      | 711 ||| UPGRADING to +0 pair of boots.
   716 | D:1      | 716 ||| READING scroll labelled LAESSU RASCH.
   717 | D:1      | 717 ||| READING scroll labelled EMNEMNEPIO.
   721 | D:1      | 721 ||| READING scroll labelled WAUDUI BOKK.
   722 | D:1      | 722 ||| READING scroll labelled ACSODU JETHEY.
   723 | D:1      | 723 ||| READING scroll labelled RIKOOBROSAASM.
   724 | D:1      | 724 ||| DRINKING 2 cyan potions.
   725 | D:1      | 725 ||| DROPPING scroll of butterflies.
   726 | D:1      | 726 ||| DROPPING potion of attraction.
   813 | D:2      | Reached XP level 3. HP: 21/21 MP: 3/3
   883 | D:2      | Reached skill level 1 in Armour
   888 | D:2      | Noticed Natasha
   894 | D:2      | Killed Natasha
   895 | D:2      | Reached skill level 5 in Ranged Weapons
   895 | D:2      | Reached XP level 4. HP: 26/26 MP: 4/4
   903 | D:2      | 903 ||| READING scroll of enchant armour.
   903 | D:2      | 903 ||| ENCHANTING +0 pair of boots.
  1096 | D:2      | Noticed Robin
  1107 | D:2      | HP: 6/27 [goblin/+0 club[Robin] (5)]
  1108 | D:2      | 1108 ||| READING scroll of teleportation.
  1108 | D:2      | HP: 2/27 [goblin/+0 club[Robin] (1)]
  1108 | D:2      | Slain by a goblin

Levels and vault maps discovered:
D:1:      dpeg_arrival_windows_large_door, layout_loops_ring
D:2:      layout_loops_ring, corexii_item_surrounded_by_moat, uniq_natasha,
          uniq_robin

Skill      XL: |  1  2  3 |
---------------+----------+-----
Armour         | 1 |  1.0
Ranged Weapons | 5 |  5.3
Fighting       | |  2.5
Dodging        | |  1.5
Stealth        | |  1.1

Action                     |  1- 3 |  4- 6 || total
---------------------------+-------+-------++-------
   Fire: Shortbow          |    69 |    33 ||   102
    Use: Scroll            |     5 |     2 ||     7
         Potion            |     1 |       ||     1
 Armour: Leather armour    |     1 |       ||     1
         Ring mail         |     5 |    22 ||    27
  Dodge: Dodged            |     8 |    26 ||    34

Table legend:
 A = Non-vault XP
 B = Vault XP
 C = Vault XP percentage of total XP
 D = Non-vault monster count
 E = Vault monster count
 F = Vault count percentage of total count
                 A         B        C        D         E       F
            +---------+---------+-------+---------+---------+-------
      Total |      53 |      43 |  44.8 |      29 |       4 |  12.1
            +---------+---------+-------+---------+---------+-------
        D:1 |      31 |       0 |   0.0 |      17 |       0 |   0.0
        D:2 |      22 |      43 |  66.2 |      12 |       4 |  25.0
            +---------+---------+-------+---------+---------+-------
